 Dungeon Crawl Stone Soup version 0.30-a0-996-ga6910c8ee8 (webtiles) character file.

Game seed: 4949625976083469866

4083 vishdafish the Destroyer (level 10, 63/63 HPs)
             Began as a Demonspawn Conjurer on Apr 4, 2023.
             Was a Follower of Vehumet.
             Quit the game on level 8 of the Dungeon.
             The game lasted 00:10:56 (6295 turns).

vishdafish the Destroyer (Demonspawn Conjurer)      Turns: 6295, Time: 00:10:57

Health: 63/63      AC: 10    Str:  7    XL:     10   Next: 5%
Magic:  31/31      EV: 11    Int: 30    God:    Vehumet [*.....]
Gold:   162        SH:  0    Dex: 12    Spells: 17/26 levels left

rFire   . . .      SeeInvis .    C - +4 scimitar
rCold   . . .      Faith    .    (no shield)
rNeg    . . .      Spirit   .    J - +3 leather armour of Resourcefulness {Harm}
rPois   .          Reflect  .    l - +0 helmet
rElec   .          Rampage  .    (no cloak)
rCorr   .          Harm     + .  (no gloves)
Will    .....                    (no boots)
Stlth   +                        g - amulet of magic regeneration
HPRegen 0.30/turn                K - ring of magical power
MPRegen 0.62/turn                z - +6 ring of intelligence

@: very slow
A: claws 1, yellow scales 2, powered by pain 1
a: Renounce Religion


You were on level 8 of the Dungeon.
You worshipped Vehumet.
Vehumet was aware of your devotion.
You visited 2 branches of the dungeon, and saw 9 of its levels.

You collected 402 gold pieces.
You spent 240 gold pieces at shops.

Inventory:

Hand Weapons
 e - a +0 dagger of draining
 C - a +4 scimitar (weapon)
Missiles
 y - a throwing net
Armour
 a - a +0 robe
 l - a +0 helmet (worn)
 J - the +3 leather armour of Resourcefulness (worn) {Harm}
   (You bought it in a shop on level 3 of the Dungeon)

   Harm:      It increases damage dealt and taken.
Jewellery
 f - a +6 ring of strength
 g - an amulet of magic regeneration (around neck)
 n - a ring of fire
 t - a ring of see invisible
 z - a +6 ring of intelligence (right claw)
 A - a ring of willpower
 E - a ring of ice
 K - a ring of magical power (left claw)
Wands
 q - a wand of digging (7)
 M - a wand of iceblast (4)
 P - a wand of charming (5)
Scrolls
 c - a scroll of enchant weapon {unknown}
 d - 5 scrolls of identify {unknown}
 h - 2 scrolls of immolation {unknown}
 i - 2 scrolls of acquirement {unknown}
 s - a scroll of silence {unknown}
 u - 3 scrolls of teleportation {unknown}
 v - a scroll of poison {unknown}
 w - 3 scrolls of vulnerability {unknown}
 x - a scroll of fog {unknown}
 D - 3 scrolls of fear {unknown}
 O - a scroll of amnesia {unknown}
Potions
 b - a potion of magic
 j - 2 potions of lignification {unknown}
 k - 2 potions of attraction {unknown}
 m - 5 potions of invisibility {unknown}
 o - 4 potions of curing {unknown}
 p - a potion of brilliance {unknown}
 r - 2 potions of might {unknown}
 B - 2 potions of cancellation {unknown}
 F - a potion of degeneration {unknown}
 G - a potion of resistance {unknown}
 H - 2 potions of haste {unknown}
 I - 2 potions of flight {unknown}
 L - 3 potions of heal wounds {unknown}
 N - a potion of ambrosia {unknown}


   Skills:
 - Level 1.7 Dodging
 - Level 1.7 Stealth
 + Level 8.8 Spellcasting
 + Level 10.1 Conjurations
 - Level 4.0 Hexes
 - Level 4.1 Translocations


You had 17 spell levels left.
You knew the following spells:

 Your Spells              Type           Power      Damage    Failure   Level
a - Magic Dart            Conj           100%       1d8       1%          1
b - Fulminant Prism       Conj/Hex       27%        3d14      3%          4
c - Iskenderun's Mystic   Conj/Tloc      54%        2d12      3%          4

Your spell library contained the following spells:

 Spells                   Type           Power      Damage    Failure   Level
 Kiss of Death            Conj/Necr      100%       2d13      1%          1
 Searing Ray              Conj           100%       2d8       1%          2
 Dazzling Flash           Conj/Hex       100%       N/A       1%          3
 Iskenderun's Battlesphe  Conj           65%        2d11      2%          5
 Irradiate                Conj/Tmut      21%        3d18      21%         5
 Petrify                  Tmut/Erth      13%        N/A       52%         4
 Metabolic Englaciation   Hex/Ice        12%        N/A       58%         5
 Iron Shot                Conj/Erth      21%        9d5       75%         6
 Blade Hands              Tmut           6%         N/A       86%         5
 Spellforged Servitor     Conj/Summ      21%        N/A       99%         7
 Statue Form              Tmut/Erth      8%         N/A       100%        6
 Dragon Form              Tmut           6%         N/A       100%        7


Dungeon Overview and Level Annotations

Branches:
Dungeon (8/15)             Temple (1/1) D:7
   Lair: D:8-11

Altars:
Dithmenos
Hepliaklqana
Makhleb
Nemelex Xobeh
Okawaru
Sif Muna
Trog
Vehumet
Wu Jian
Xom
Yredelemnul

Shops:
D:2 (   D:3 [

Annotations:
D:2 1 runed translucent door, Crazy Yiuf
D:6 2 transporters, Tungsten's ghost, novice NaHW
D:8 3 runed translucent doors, Mesmaeker13's ghost, novice OpTm


Innate Abilities, Weirdness & Mutations

You have sharp fingernails.
You are mostly covered in yellow scales. (AC +3)
You sometimes gain a little power by taking damage.


Message History

There are monsters nearby!
Casting: Fulminant Prism (dangerous; 3% risk of failure)
Confirm with . or Enter, or press ? or * to list all spells.
You erupt in a blast of force!
The mystic blast hits Pikel!
Pikel is moderately wounded.
Pikel is knocked back by the mystic blast.
Pikel slams into the tree!
Pikel is heavily wounded.
The lemure shouts! x3
A lemure comes into view.
Unknown command.
Casting: Iskenderun's Mystic Blast (dangerous; 3% risk of failure)
Confirm with . or Enter, or press ? or * to list all spells.
You erupt in a blast of force!
The mystic blast hits Pikel.
Pikel is severely wounded.
Pikel is knocked back by the mystic blast.
Pikel slams into the tree!
Pikel is almost dead.
The lemure shouts!
Unknown command.
The magic dart hits Pikel but does no damage.
Pikel is almost dead.
Casting: Magic Dart (safe; 1% risk of failure)
Confirm with . or Enter, or press ? or * to list all spells.
You erupt in a blast of force!
The mystic blast hits Pikel!
You kill Pikel!
Vehumet accepts your kill.
You hear a splash. x3
With Pikel's spell broken, his former minions thank you for their freedom.
The lemure departs this earthly plane. x4
Your Conjurations skill increases to level 10!
You have reached level 10!
Your demonic ancestry asserts itself...
You feel energised by your suffering.
You enter the shallow water.
Moving in this stuff is going to be slow.
P - a wand of charming (5)
Things that are here:
a +1 whip of freezing; a +0 robe Are you sure you want to abandon this character and quit the game? (Confirm with "yes".)

........P~~P.... ...
.........~~..... ..#
....~♣~......... #..
...~~~~~........
..##..♣~~~~~♣♣#.....
...~♣♣♣~~~~♣~♣#####
#..~♣~~~)♣~~~P## #
#.^~♣~~~~~~PP~~#
##.@~~~P♣~~~♣P~♣#
#..~♣~♣~~P~♣~~P♣#
#.#~P♣~~P~≈~P~~~#
#.#♣~~~~~≈≈≈♣PP~♣
#.~♣~~≈~≈≈≈≈≈~~♣♣
#.♣♣~~~≈≈≈≈≈~≈~♣♣#
#.♣~~≈≈≈≈≈≈≈≈≈~~~##
#.♣~P~≈≈≈≈≈≈≈~~~~.#
#.♣~P~≈≈≈≈≈≈≈~~~♣.##


There were no monsters in sight!

Vanquished Creatures
  Pikel (D:8)
  A hornet (D:7)
  Sigmund (D:2)
  4 vampire mosquitoes (D:8)
  A water moccasin (D:7)
  An acid dragon (D:4)
  An orc warrior (D:8)
  2 ice beasts
  A black bear (D:6)
  A sky beast (D:7)
  3 ogres
  2 centaurs (D:8)
  A phantom (D:7)
  2 scorpions
  A bullfrog (D:7)
  3 wights (D:5)
  10 killer bees (D:8)
  5 electric eels (D:8)
  2 centaur zombies (D:8)
  2 orc priests
  3 hounds
  2 jellies
  Jessica (D:2)
  An iguana (D:4)
  2 orc wizards
  Robin (D:2)
  7 adders
  3 gnolls (D:4)
  A white imp (D:7)
  3 ufetubi (D:6)
  3 worms
  3 dart slugs
  16 orcs
  5 endoplasms
  7 giant cockroaches
  19 goblins
  9 hobgoblins
  2 jackals (D:3)
  6 kobolds
  5 quokkas
  11 ball pythons
  13 bats
  7 rats
175 creatures vanquished.

Vanquished Creatures (others)
  12 fulminant prisms
  73 plants
85 creatures vanquished.

Grand Total: 260 creatures vanquished

Notes
Turn   | Place    | Note
-------+----------+-------------------------------------------
     0 | D:1      | vishdafish the Demonspawn Conjurer began the quest for the
                  | Orb.
     0 | D:1      | Reached XP level 1. HP: 13/13 MP: 3/3
   265 | D:1      | Gained mutation: You are partially covered in yellow
                  | scales. (AC +2) [demonic ancestry]
   265 | D:1      | Reached XP level 2. HP: 19/19 MP: 5/5
   833 | D:2      | Gained mutation: You are mostly covered in yellow scales.
                  | (AC +3) [demonic ancestry]
   833 | D:2      | Reached XP level 3. HP: 23/24 MP: 7/7
   914 | D:2      | Noticed Robin
   930 | D:2      | Killed Robin
   931 | D:2      | Reached XP level 4. HP: 26/30 MP: 0/8
  1022 | D:2      | Found a runed translucent door.
  1023 | D:2      | Noticed Crazy Yiuf
  1106 | D:2      | Reached skill level 5 in Conjurations
  1174 | D:2      | Learned a level 4 spell: Fulminant Prism
  1181 | D:2      | Learned a level 4 spell: Iskenderun's Mystic Blast
  1289 | D:2      | Found a faded altar of an unknown god.
  1325 | D:2      | Found Ruhoil's Weapon Emporium.
  1379 | D:2      | Noticed Sigmund
  1387 | D:2      | Killed Sigmund
  1388 | D:2      | Gained mutation: You have sharp fingernails. [demonic
                  | ancestry]
  1388 | D:2      | Reached XP level 5. HP: 20/35 MP: 4/9
  1660 | D:2      | Noticed Jessica
  1665 | D:2      | Killed Jessica
  1666 | D:2      | Reached XP level 6. HP: 41/41 MP: 7/10
  1772 | D:3      | Found Allusif's Armour Shop.
  2061 | D:3      | Found a sparkling altar of Nemelex Xobeh.
  2745 | D:4      | Reached XP level 7. HP: 42/46 MP: 9/11
  2932 | D:5      | Entered Level 5 of the Dungeon
  3661 | D:4      | Reached skill level 6 in Conjurations
  4045 | D:6      | Reached XP level 8. HP: 38/52 MP: 0/15
  4064 | D:6      | Reached skill level 5 in Spellcasting
  4148 | D:6      | Identified the +0 ring mail of the Sacrificial Victim
                  | {Will++ Str+4}
  4293 | D:6      | Found a transporter.
  4304 | D:6      | Identified the ring "Anuggolu" {Will+ AC+4 SInv}
  4304 | D:6      | Noticed Tungsten's ghost (novice NaHW)
  4424 | D:6      | Found a transporter.
  4676 | D:6      | Reached skill level 7 in Conjurations
  4793 | D:3      | Bought the +3 leather armour of Resourcefulness {Harm} for
                  | 240 gold pieces
  4948 | D:7      | Noticed a hornet
  4953 | D:7      | Killed a hornet
  4992 | D:7      | Found a staircase to the Ecumenical Temple.
  5016 | Temple   | Entered the Ecumenical Temple
  5032 | Temple   | Became a worshipper of Vehumet
  5054 | D:7      | Found the +8 trishula "Condemnation" {holy, anguish, *Noise
                  | Fly rN+}
  5074 | D:7      | Reached skill level 8 in Conjurations
  5230 | D:7      | Reached XP level 9. HP: 57/57 MP: 19/19
  5258 | D:7      | Found a shimmering blue altar of Sif Muna.
  5642 | D:8      | Found a runed translucent gate.
  5642 | D:8      | Found a runed translucent gate.
  5642 | D:8      | Found a runed translucent gate.
  5642 | D:8      | Noticed Mesmaeker13's ghost (novice OpTm)
  5645 | D:8      | Found a basalt altar of Yredelemnul.
  5805 | D:8      | Reached skill level 9 in Conjurations
  6023 | D:8      | Reached * piety under Vehumet
  6023 | D:8      | Offered knowledge of Kiss of Death by Vehumet.
  6267 | D:8      | Noticed Pikel
  6271 | D:8      | Killed Pikel
  6272 | D:8      | Reached skill level 10 in Conjurations
  6272 | D:8      | Gained mutation: You sometimes gain a little power by
                  | taking damage. [demonic ancestry]
  6272 | D:8      | Reached XP level 10. HP: 63/63 MP: 19/22
  6295 | D:8      | Quit the game

Illustrated notes

Levels and vault maps discovered:
D:1:      dpeg_arrival_prison, layout_basic
D:2:      layout_basic, serial_shops, nicolae_shop_bloodbath_and_beyond,
          chequers_ecumenical_altar_grove, uniq_crazy_yiuf_cottage,
          uniq_jessica, uniq_sigmund, uniq_robin
D:3:      minmay_diamond_boxcup, layout_basic, nemelex_spade_bored_becter,
          serial_shops, shop_fountains, grunt_decor_cap
D:4:      layout_rooms, corner_web_ring, kennysheep_generic_room_6
D:5:      layout_basic, amcnicky_mini_corridor_feature, grunt_ministairs_1,
          hangedman_decor_riveting
D:6:      layout_loops_ring, gammafunk_ghost_gnarly_gnolls
D:7:      layout_loops_ring, mainiacjoe_overflow_six_doors_small,
          minmay_temple_entry_wispy
D:8:      kennysheep_six_static_rooms, layout_cave_pods,
          nicolae_yredelemnul_ghost_church, serial_bayou, serial_bayou_lagoon_a,
          serial_bayou_lake_a, serial_bayou_ford_a, serial_bayou_pond_a,
          uniq_pikel
Temple:   nicolae_temple_bog_church

Skill      XL: |  1  2  3  4  5  6  7  8  9 |
---------------+----------------------------+-----
Spellcasting   | 3 4 6 8 |  8.8
Conjurations   | 5 6 8 10 | 10.1
Hexes          | 2 4 |  4.0
Translocations | 2 3 4 |  4.1
Dodging        | |  1.7
Stealth        | |  1.7

Action                     |  1- 3 |  4- 6 |  7- 9 | 10-12 || total
---------------------------+-------+-------+-------+-------++-------
  Melee: Dagger            |    67 |     5 |       |       ||    72
         Unarmed           |     1 |       |       |       ||     1
         Scimitar          |       |       |     6 |       ||     6
   Cast: Magic Dart        |    38 |   149 |   199 |       ||   386
         Iskenderun's Myst |       |       |    29 |       ||    29
         Fulminant Prism   |       |       |    12 |       ||    12
   Stab: Sleeping          |     4 |     1 |       |       ||     5
 Armour: Robe              |    36 |     4 |    21 |       ||    61
         Leather armour    |       |       |    11 |       ||    11
  Dodge: Dodged            |    71 |    19 |    52 |       ||   142

Table legend: (Time is in decaauts)
 A = Elapsed time spent in this place.
 B = Non-inter-level travel time spent in this place.
 C = Inter-level travel time spent in this place.
 D = Time resting spent in this place.
 E = Time spent auto-exploring this place.
 F = Levels seen in this place.
 G = Mean time per level.
                   A        B        C        D        E       F      G
               +--------+--------+--------+--------+--------+-----+--------+
         Total |   6332 |   5963 |    369 |      0 |   4964 |   9 |  703.6 |
       Dungeon |   6305 |   5947 |    358 |      0 |   4956 |   8 |  788.1 |
        Temple |     27 |     16 |     11 |      0 |      8 |   1 |   27.0 |
               +--------+--------+--------+--------+--------+-----+--------+

Top non-repeatable levels by time:
     D:2: 985 daAuts
     D:4: 834 daAuts
     D:5: 806 daAuts
     D:6: 764 daAuts
     D:1: 763 daAuts
     D:3: 758 daAuts
     D:8: 722 daAuts
     D:7: 669 daAuts
  Temple: 27 daAuts
